 Dungeon Crawl Stone Soup version 0.30-a0-824-g6c64550be9 (webtiles) character file.

Game seed: 15193839779149954798

733 CowFu the Conjurer (level 7, -1/57 HPs)
             Began as a Demigod Conjurer on Feb 27, 2023.
             Slain by Pikel
             ... wielding a +1 whip of flaming
              (10 damage)
             ... on level 5 of the Dungeon.
             The game lasted 00:03:51 (4993 turns).

CowFu the Conjurer (Demigod Conjurer)               Turns: 4993, Time: 00:03:52

Health: -1/57      AC: -4    Str:  8    XL:     7   Next: 21%
Magic:  1/15       EV: 13    Int: 28    God:
Gold:   366        SH:  0    Dex: 12    Spells: 10/13 levels left

rFire   . . .      SeeInvis .    c - +3 war axe (protect)
rCold   . . .      Faith    .    (no shield)
rNeg    . . .      Spirit   .    a - +0 robe
rPois   .          Reflect  .    (no helmet)
rElec   .          Harm     .    (no cloak)
rCorr   .          Rampage  .    o - +1 pair of gloves
Will    .....                    (no boots)
Stlth   ++                       (no amulet)
HPRegen 0.29/turn                (no ring)
MPRegen 0.14/turn                (no ring)

@: about to teleport, corroded
A: high MP 1, forlorn, divine attributes
a: no special abilities


You were on level 5 of the Dungeon.
You visited 1 branch of the dungeon, and saw 5 of its levels.

You collected 366 gold pieces.

Inventory:

Hand Weapons
 c - a +3 war axe of protection (weapon)
Armour
 a - a +0 robe (worn)
 o - a +1 pair of gloves (worn)
Wands
 i - a wand of acid (3)
Scrolls
 e - a scroll of identify
 f - 2 scrolls of teleportation
 h - 2 scrolls of enchant armour
 l - a scroll of fog
 p - a scroll of enchant weapon
Potions
 b - a potion of magic
 d - a potion of brilliance
 g - 3 potions of degeneration {unknown}
 j - a potion of berserk rage {unknown}
 k - 2 potions of cancellation
 m - a potion of heal wounds
 n - a potion of resistance {unknown}


   Skills:
 + Level 3.1 Fighting
 + Level 3.7 Dodging
 - Level 1.7 Stealth
 + Level 3.5 Spellcasting
 * Level 5.9 Conjurations


You had 10 spell levels left.
You knew the following spells:

 Your Spells              Type           Power      Damage    Failure   Level
a - Magic Dart            Conj           100%       1d8       1%          1
b - Searing Ray           Conj           76%        2d7       1%          2

Your spell library contained the following spells:

 Spells                   Type           Power      Damage    Failure   Level
 Dazzling Flash           Conj/Hex       42%        N/A       7%          3
 Fulminant Prism          Conj/Hex       10%        3d8       22%         4
 Iskenderun's Mystic Bla  Conj/Tloc      21%        2d6       22%         4
 Frozen Ramparts          Ice            8%         1d2       24%         3
 Ice Form                 Ice/Tmut       4%         N/A       61%         4
 Summon Ice Beast         Ice/Summ       4%         N/A       61%         4
 Summon Mana Viper        Hex/Summ       4%         N/A       91%         5
 Monstrous Menagerie      Summ           2%         N/A       100%        7


Dungeon Overview and Level Annotations

Branches:
Dungeon (5/15)
 Temple: D:4-7

Annotations:
D:5 Pikel


Innate Abilities, Weirdness & Mutations

You have an increased reservoir of magic. (+10% MP)
You shall have no god before yourself.
Your divine heritage dramatically boosts your attributes as you level up.


Message History

The searing ray hits Pikel.
Pikel is lightly wounded. (Press . to maintain the ray.)
The lemure barely misses you.
The searing ray hits the lemure but does no damage.
The lemure is almost dead.
The searing ray hits Pikel.
Pikel is lightly wounded.
The searing ray misses Pikel.
The searing ray hits the lemure.
You kill the lemure!
That felt strangely unrewarding.
The searing ray misses Pikel.
You finish channelling your searing ray.
Pikel completely misses you.
Casting: Searing Ray (safe; 1% risk of failure)
Confirm with . or Enter, or press ? or * to list all spells.
You don't have enough magic to cast this spell.
Unknown command.
You closely miss Pikel.
Pikel is lightly wounded.
A lemure comes into view.
Pikel zaps a wand.
The bolt of acid hits you!! The acid corrodes you!
Pikel zaps a wand.
The bolt of acid hits you!!
* * * LOW HITPOINT WARNING * * *
The acid corrodes you!
The lemure shouts!
You feel much better.
Pikel hits you with a +1 whip of flaming!
Pikel burns you.
As you read the scroll of teleportation, it crumbles to dust.
You feel strangely unstable.
Pikel hits you with a +1 whip of flaming!
* * * LOW HITPOINT WARNING * * *
Pikel burns you.
* * * LOW HITPOINT WARNING * * *
A lemure comes into view.
You barely miss Pikel.
Pikel is lightly wounded.
Pikel hits you with a +1 whip of flaming!
You die...

##..#..# ..
.......
..#####..##..##..#
.......
......#.#.......
.......
#...###..###
###>......
##......###
#.K.5.:..#
#..........#
####.########
........#####.##
#...)# ####..###
#..####5#### ...#
##..@K5.# ####
#..##### ####


You could see Pikel and 2 lemures.

Vanquished Creatures
  Menkaure (D:5)
  An ice beast (D:5)
  A black bear (D:4)
  2 lemures (D:5)
  A phantom (D:4)
  A hound (D:4)
  2 iguanas
  3 gnolls (D:4)
  15 adders
  2 worms (D:2)
  4 dart slugs
  6 orcs
  5 bats
  6 endoplasms
  2 giant cockroaches (D:3)
  11 goblins
  7 hobgoblins
  2 jackals (D:2)
  9 kobolds
  5 quokkas
  12 ball pythons
  6 frilled lizards
  7 rats
111 creatures vanquished.

Notes
Turn   | Place    | Note
-------+----------+-------------------------------------------
     0 | D:1      | CowFu the Demigod Conjurer began the quest for the Orb.
     0 | D:1      | Reached XP level 1. HP: 14/14 MP: 5/5
   163 | D:1      | You fall into a shaft and drop 1 floor!
   311 | D:2      | Reached XP level 2. HP: 22/22 MP: 4/7
   353 | D:2      | Reached skill level 4 in Conjurations
   454 | D:2      | Reached XP level 3. HP: 27/27 MP: 5/8
   507 | D:2      | Reached skill level 1 in Fighting
  1291 | D:1      | Reached XP level 4. HP: 35/35 MP: 8/10
  2872 | D:3      | Reached XP level 5. HP: 26/41 MP: 0/11
  3242 | D:4      | Reached skill level 5 in Conjurations
  3325 | D:4      | Noticed a black bear
  3332 | D:4      | Killed a black bear
  3333 | D:4      | Reached XP level 6. HP: 43/50 MP: 5/13
  3339 | D:4      | Learned a level 2 spell: Searing Ray
  4463 | D:5      | Entered Level 5 of the Dungeon
  4537 | D:5      | Noticed Menkaure
  4543 | D:5      | Killed Menkaure
  4544 | D:5      | Reached XP level 7. HP: 57/57 MP: 3/15
  4972 | D:5      | Noticed Pikel
  4993 | D:5      | Slain by Pikel

Illustrated notes

Levels and vault maps discovered:
D:1:      elethiomel_arrival_infinity_welcomes_careful_drivers,
          layout_loops_ring, hellmonk_ecumenical_altar_crossroads,
          minmay_misc_feat_plants, minmay_tripent
D:2:      layout_loops_ring, basic_altar
D:3:      layout_rooms, kennysheep_decorative_pillar
D:4:      minmay_chambers_of_fours, layout_loops_ring, hangedman_ru_absence,
          kennysheep_mini_moat, minmay_misc_feat_roman, hangedman_decor_points,
          minmay_door_square
D:5:      layout_rooms, kennysheep_okawaru_gauntlet, serial_shops, shop,
          dreamdust_wishing_well, wad_floor_pattern_2, kennysheep_small_spiral,
          uniq_menkaure, uniq_pikel

Skill      XL: |  1  2  3  4  5  6 |
---------------+-------------------+-----
Dodging        | 2 3 |  3.7
Spellcasting   | 2 3 |  3.5
Conjurations   | 4 5 |  5.9
Fighting       | 1 2 3 |  3.1
Stealth        | |  1.7

Action                     |  1- 3 |  4- 6 |  7- 9 || total
---------------------------+-------+-------+-------++-------
  Melee: War axe           |     1 |    18 |     9 ||    28
   Cast: Magic Dart        |    60 |   197 |    17 ||   274
         Searing Ray       |       |     2 |     2 ||     4
    Use: Scroll            |       |    10 |     1 ||    11
         Potion            |       |       |     1 ||     1
 Armour: Robe              |       |    12 |     7 ||    19
  Dodge: Dodged            |     5 |    33 |    12 ||    50

Table legend: (Time is in decaauts)
 A = Elapsed time spent in this place.
 B = Non-inter-level travel time spent in this place.
 C = Inter-level travel time spent in this place.
 D = Time resting spent in this place.
 E = Time spent auto-exploring this place.
 F = Levels seen in this place.
 G = Mean time per level.
                   A        B        C        D        E       F      G
               +--------+--------+--------+--------+--------+-----+--------+
         Total |   5007 |   4875 |    132 |      0 |   4299 |   5 | 1001.4 |
       Dungeon |   5007 |   4875 |    132 |      0 |   4299 |   5 | 1001.4 |
               +--------+--------+--------+--------+--------+-----+--------+

Top non-repeatable levels by time:
     D:4: 1306 daAuts
     D:2: 1096 daAuts
     D:1: 1041 daAuts
     D:3: 1029 daAuts
     D:5: 533 daAuts
